 Dungeon Crawl Stone Soup version 0.26-a0-812-g31a745ddcd (webtiles) character file.

Game seed: 14254775540953194663

82 quinnr the Slasher (level 4, -2/33 HPs)
             Began as a Demonspawn Gladiator on Nov 13, 2020.
             Slain by a worker ant (4 damage)
             ... on level 4 of the Dungeon.
             The game lasted 00:03:55 (2612 turns).

quinnr the Slasher (Demonspawn Gladiator)           Turns: 2612, Time: 00:03:56

Health: -2/33      AC:  7    Str: 15    XL:     4   Next: 21%
Magic:  4/4        EV: 10    Int: 10    God:
Gold:   96         SH:  0    Dex: 14    Spells: 3/3 levels left

rFire    + + .     SeeInvis .   a - +0 long sword
rCold    + . .     Faith    .   (no shield)
rNeg     . . .     Spirit   .   g - +0 scale mail
rPois    +         Reflect  .   c - +0 helmet
rElec    +         Harm     .   (no cloak)
rCorr    +         Rampage  .   (no gloves)
MR       .....                  (no boots)
Stlth    ..........             (no amulet)
HPRegen  0.11/turn              k - ring of protection from fire
MPRegen  0.09/turn              (no ring)

@: resistant
A: talons 2
a: no special abilities


You were on level 4 of the Dungeon.
You visited 1 branch of the dungeon, and saw 4 of its levels.

You collected 96 gold pieces.

Inventory:

Hand Weapons
 a - a +0 long sword (weapon)
Missiles
 d - 3 throwing nets (quivered)
Armour
 b - a +0 leather armour
 c - a +0 helmet (worn)
 g - a +0 scale mail (worn)
Jewellery
 k - a ring of protection from fire (left hand)
Scrolls
 h - 4 scrolls of identify {unknown}
Potions
 e - a potion of resistance
 i - 2 potions of degeneration {unknown}
 j - 2 potions of attraction {unknown}
 l - 2 potions of lignification {unknown}


   Skills:
 - Level 2.0 Fighting
 * Level 4.1 Long Blades
 - Level 1.7 Throwing
 + Level 1.6 Armour
 - Level 2.6 Dodging


You had 3 spell levels left.
You didn't know any spells.
Your spell library was empty.

Dungeon Overview and Level Annotations

Branches:
Dungeon (4/15)
 Temple: D:4-7

Altars:
Hepliaklqana
Nemelex Xobeh
Sif Muna

Annotations:
D:3 Grinder, Terence
D:4 Ijyb


Innate Abilities, Weirdness & Mutations

You have razor-sharp toenails.


Message History

Ijyb hits you but does no damage.
You hit Ijyb but do no damage.
Ijyb is moderately wounded.
The worker ant completely misses you. The leopard gecko bites you.
The worker ant bites you.
* * * LOW HITPOINT WARNING * * *
Ijyb hits you but does no damage. The worker ant barely misses you.
Unknown command.
You closely miss Ijyb. Your kick misses Ijyb.
Ijyb is moderately wounded.
The giant cockroach seems to regain its courage.
The leopard gecko hisses menacingly.
The leopard gecko bites you but does no damage.
The worker ant bites you.
* * * LOW HITPOINT WARNING * * *
The worker ant closely misses you.
Ijyb grins evilly.
Ijyb hits you but does no damage. The leopard gecko barely misses you.
The worker ant bites you.
You die...

........#
........#
........#
.[......#
...[....#
........#
........#
.?....BB#
......B@#
......lg#
....$...#
........#
........#
........#
........#
........#


You could see Ijyb, 2 worker ants, a leopard gecko and a giant cockroach.

Vanquished Creatures
  A worker ant (D:2)
  2 adders
  An ufetubus (D:2)
  A worm (D:2)
  A dart slug (D:1)
  2 leopard geckos
  A ball python (D:2)
  3 giant cockroaches
  5 goblins
  2 hobgoblins (D:1)
  3 kobolds
  A quokka (D:3)
  2 bats
  2 frilled lizards (D:2)
  3 rats
30 creatures vanquished.

Vanquished Creatures (others)
  4 toadstools (D:1)
4 creatures vanquished.

Grand Total: 34 creatures vanquished

Notes
Turn   | Place    | Note
-------+----------+-------------------------------------------
     0 | D:1      | quinnr the Demonspawn Gladiator began the quest for the
                  | Orb.
     0 | D:1      | Reached XP level 1. HP: 16/16 MP: 1/1
    53 | D:1      | Reached skill level 3 in Long Blades
   525 | D:1      | Gained mutation: You have sharp toenails. [demonic
                  | ancestry]
   525 | D:1      | Reached XP level 2. HP: 21/22 MP: 2/2
  1503 | D:2      | Found a shimmering blue altar of Sif Muna.
  1679 | D:2      | Reached skill level 1 in Armour
  1775 | D:2      | Reached XP level 3. HP: 27/27 MP: 3/3
  1810 | D:2      | HP: 2/27 [poisoned by a worker ant]
  1818 | D:2      | HP: 1/27 [poisoned by a worker ant]
  2147 | D:2      | Found a hazy altar of Hepliaklqana.
  2247 | D:2      | Reached skill level 4 in Long Blades
  2299 | D:2      | Found a sparkling altar of Nemelex Xobeh.
  2437 | D:2      | Gained mutation: You have razor-sharp toenails. [demonic
                  | ancestry]
  2437 | D:2      | Reached XP level 4. HP: 33/33 MP: 4/4
  2503 | D:3      | Noticed Grinder
  2512 | D:3      | Paralysed by Grinder for 5 turns
  2577 | D:3      | Noticed Terence
  2602 | D:4      | Noticed Ijyb
  2612 | D:4      | HP: 2/33 [worker ant (6)]
  2612 | D:4      | Slain by a worker ant

Illustrated notes

Levels and vault maps discovered:
D:1:      ldierk_water_garden, layout_loops_corners, dk_noncrumbling_2
D:2:      layout_loops_ring, lemuel_doored_altar,
          nicolae_overflow_hidden_temple, nemelex_diamond_rough_becter
D:3:      layout_loops_ring, nicolae_overflow_crystal_walls,
          lightli_temple_of_fire, led_xom_imps, uniq_sigmund, uniq_grinder,
          uniq_terence
D:4:      layout_gridville, temple_statues, uniq_blork_the_orc,
          uniq_crazy_yiuf_cottage, uniq_ijyb

Skill      XL: |  1  2  3 |
---------------+----------+-----
Long Blades    | 3 4 |  4.1
Armour         | 1 |  1.6
Fighting       | |  2.0
Throwing       | |  1.7
Dodging        | |  2.6

Action                   |  1- 3 |  4- 6 || total
-------------------------+-------+-------++-------
Melee: Long sword        |    80 |     8 ||    88
       Kick              |    16 |     2 ||    18
  Use: Scroll            |       |     3 ||     3
       Potion            |       |     1 ||     1
Armor: Scale mail        |    42 |    12 ||    54
Dodge: Dodged            |    47 |    13 ||    60
       Rpst.: Long sword |    10 |     3 ||    13

Table legend: (Time is in decaauts)
 A = Elapsed time spent in this place.
 B = Non-inter-level travel time spent in this place.
 C = Inter-level travel time spent in this place.
 D = Time resting spent in this place.
 E = Time spent auto-exploring this place.
 F = Levels seen in this place.
 G = Mean time per level.
                   A        B        C        D        E       F      G
               +--------+--------+--------+--------+--------+-----+--------+
         Total |   2631 |   2550 |     81 |    503 |   1719 |   4 |  657.8 |
       Dungeon |   2631 |   2550 |     81 |    503 |   1719 |   4 |  657.8 |
               +--------+--------+--------+--------+--------+-----+--------+

Top non-repeatable levels by time:
     D:1: 1430 daAuts
     D:2: 1113 daAuts
     D:3: 60 daAuts
     D:4: 25 daAuts
